 Dungeon Crawl Stone Soup version 0.20-a0-738-gb057e68 (webtiles) character file.

126 esteth the Changer (level 4, -2/35 HPs)
             Began as a Draconian Transmuter on Feb 23, 2017.
             Slain by Crazy Yiuf
             ... wielding a +4 quarterstaff of chaos
              (11 damage)
             ... on level 2 of the Dungeon.
             The game lasted 00:05:12 (2297 turns).

esteth the Changer (Draconian Transmuter)           Turns: 2297, Time: 00:05:13

Health: -2/35      AC:  0    Str: 12      XL:     4   Next: 83%
Magic:  7/7        EV: 14    Int: 12 (15) God:
Gold:   57         SH:  0    Dex: 13      Spells: 0/7 levels left

rFire    . . .     SeeInvis .     - Unarmed
rCold    . . .     Gourm    .   (armour unavailable)
rNeg     . . .     Faith    .   (shield currently unavailable)
rPois    .         Spirit   .   (helmet currently unavailable)
rElec    .         Reflect  .   (cloak currently unavailable)
rCorr    .         Harm     .   (gloves currently unavailable)
MR       .....                  (boots currently unavailable)
Stlth    +.........             (no amulet)
Regen    0.2/turn               (ring currently unavailable)
MPRegen  0.1/turn               (ring currently unavailable)

@: pig-form, slowed
A: unfitting armour, (big wings), agile 1, (cold-blooded), subdued magic 1, AC
+5
a: no special abilities


You were on level 2 of the Dungeon.
You were hungry.
You were a filthy swine.
You visited 1 branch of the dungeon, and saw 2 of its levels.

You collected 57 gold pieces.

Inventory:

Missiles
 a - 25 arrows (quivered)
Armour
 j - a +2 hat (melded)
Scrolls
 d - a scroll of fog {unknown}
 e - a scroll of identify
 h - 2 scrolls of remove curse
Potions
 i - a potion of cancellation
 l - a potion of brilliance
Books
 b - a book of Changes

   Spells                             Type                      Level
   a - Beastly Appendage              Transmutation                1
   b - Sticks to Snakes               Transmutation                2
   c - Spider Form                    Transmutation/Poison         3
   d - Ice Form                       Ice/Transmutation            4
   e - Blade Hands                    Transmutation                5
Comestibles
 c - 2 bread rations
 f - a meat ration
 g - 2 royal jellies
 k - 2 chunks of flesh


   Skills:
 + Level 1.3 Fighting
 - Level 1.7 Dodging
 - Level 4.0 Unarmed Combat
 - Level 2.0 Spellcasting
 - Level 4.2 Transmutations


You couldn't memorise any spells.
You knew the following spells:

 Your Spells              Type           Power        Failure   Level  Hunger
a - Beastly Appendage     Tmut           #.....       4%          1    ##.....
b - Sticks to Snakes      Tmut           #.......     8%          2    ###....
c - Ice Form              Ice/Tmut       #.......     91%         4    #####..


Dungeon Overview and Level Annotations

Branches:
Dungeon (2/15)

Altars:
Okawaru

Annotations:
D:2 Crazy Yiuf


Innate Abilities, Weirdness & Mutations

((Your plain brown scales are hard. (AC +5)))
You cannot fit into any form of body armour.
((You are cold-blooded and may be slowed by cold attacks.))
((Your large and strong wings let you fly indefinitely.))
You are agile. (Dex +2)
Your spells are a little easier to cast, but a little less powerful.


Message History

Crazy Yiuf is moderately wounded.
Crazy Yiuf says, "Snoogle tortoise spinner!"
Crazy Yiuf barely misses you.
Some of the chunks of flesh in your inventory have rotted away.
You hit Crazy Yiuf but do no damage.
Crazy Yiuf is moderately wounded.
Crazy Yiuf zaps a wand.
You turn into a filthy swine.
Your +2 hat melds into your body.
Crazy Yiuf says, "Snoogle!"
Crazy Yiuf hits you with a quarterstaff of chaos!
You are electrocuted!
* * * LOW HITPOINT WARNING * * *
You hit Crazy Yiuf.
Crazy Yiuf is heavily wounded.
Crazy Yiuf closely misses you.
You closely miss Crazy Yiuf.
Crazy Yiuf is heavily wounded.
Crazy Yiuf zaps a wand.
Crazy Yiuf hits you with a quarterstaff of chaos!
You die...

#...............#
#.###...........#
#.# #############
#[#######
#.#.....# #####
##.#.###.# #..)#
.......#.# #...#
.#.#.#.#.###
#.g.#
..>#.#.....# #h#
...#.#.....# ♣♣.♣
.#.#.#.....# ♣.♣♣
.#.#.#.#.### ♣♣.♣
.#.#.#.#.# ♣.♣♣
.#.#.#.#.# ♣♣.♣♣
.#.#.#.(.# ♣...♣♣
.#.#.######
♣♣...♣
.#.#......#
#....#


You could see Crazy Yiuf.

Vanquished Creatures
  Terence (D:2)
  4 gnolls
  An ooze (D:1)
  2 worms (D:2)
  4 dart slugs (D:1)
  A leopard gecko (D:1)
  4 bats (D:1)
  7 goblins
  4 hobgoblins
  3 jackals (D:2)
  2 ball pythons (D:1)
  7 frilled lizards
  3 kobolds
  3 rats
46 creatures vanquished.

Notes
Turn   | Place    | Note
-------+----------+-------------------------------------------
     0 | D:1      | esteth the Draconian Transmuter began the quest for the Orb.
     0 | D:1      | Reached XP level 1. HP: 16/16 MP: 3/3
   194 | D:1      | Reached XP level 2. HP: 19/23 MP: 5/5
   198 | D:1      | Learned a level 2 spell: Sticks to Snakes
   661 | D:1      | Reached XP level 3. HP: 28/28 MP: 6/6
  1194 | D:1      | HP: 1/28 [gnoll/club (1)]
  1505 | D:2      | Reached XP level 4. HP: 22/35 MP: 7/7
  1760 | D:2      | Gained mutation: You are agile. (Dex +2) [potion of mutation]
  1760 | D:2      | Gained mutation: Your spells are a little easier to cast, but a little less powerful. [potion of mutation]
  1760 | D:2      | Gained mutation: Your large and strong wings let you fly indefinitely. [potion of mutation]
  1772 | D:2      | Noticed Terence
  1800 | D:2      | Killed Terence
  2128 | D:2      | Learned a level 4 spell: Ice Form
  2175 | D:2      | Found an iron altar of Okawaru.
  2286 | D:2      | Found a runed door.
  2290 | D:2      | Noticed Crazy Yiuf
  2297 | D:2      | Slain by Crazy Yiuf

Vault maps used:
D:1:      ncdulo_halloftheorcs
D:2:      kennysheep_six_static_rooms, okawaru_ov_weapons_minmay, uniq_terence,
          uniq_crazy_yiuf_cottage

Skill      XL: |  1  2  3  4 |
---------------+-------------+-----
Unarmed Combat | 4 |  4.0
Transmutations | 3 4 |  4.2
Fighting       | |  1.3
Dodging        | |  1.7
Spellcasting   | |  2.0

Action                   |  1- 3 |  4- 6 || total
-------------------------+-------+-------++-------
Melee: Unarmed           |   125 |    62 ||   187
       Tailslap          |    12 |     4 ||    16
       Punch             |     1 |     2 ||     3
  Use: Scroll            |     6 |       ||     6
       Potion            |     4 |     1 ||     5
 Stab: Sleeping          |     3 |       ||     3
  Eat: Chunk             |     1 |     3 ||     4
Armor: Skin              |    21 |    19 ||    40
Dodge: Dodged            |    68 |    34 ||   102
